 Dungeon Crawl Stone Soup version 0.25-a0-528-g6b7c99946c (webtiles) character file.

Game seed: 5156990547024250351, levelgen mode: classic

9 EnegeticOcto the Covered (level 2, 21/27 HPs)
             Began as a Deep Dwarf Fighter on Feb 19, 2020.
             Quit the game on level 2 of the Dungeon.
             The game lasted 00:00:11 (103 turns).

EnegeticOcto the Covered (Deep Dwarf Fighter)        Turns: 103, Time: 00:00:11

Health: 21/27      AC:  6    Str: 19    XL:     2   Next: 3%
Magic:  1/1        EV:  7    Int:  8    God:
Gold:   0          SH:  9    Dex: 12    Spells: 1/1 levels left

rFire    . . .     SeeInvis .   a - +0 war axe
rCold    . . .     Gourm    .   c - +0 kite shield
rNeg     . . .     Faith    .   b - +0 scale mail
rPois    .         Spirit   .   (no helmet)
rElec    .         Reflect  .   (no cloak)
rCorr    .         Harm     .   (no gloves)
MR       .....                  (no boots)
Stlth    ..........             (no amulet)
HPRegen  0.00/turn              (no ring)
MPRegen  0.07/turn              (no ring)

@: non-regenerating
A: damage resistance, heal wounds, sense surroundings 1, no regeneration
a: Heal Wounds


You were on level 2 of the Dungeon.
You were not hungry.

You visited 1 branch of the dungeon, and saw 2 of its levels.

Inventory:

Hand Weapons
 a - a +0 war axe (weapon)
Armour
 b - a +0 scale mail (worn)
 c - a +0 kite shield (worn)
Scrolls
 d - a scroll of amnesia {unknown}
 g - 3 scrolls of identify {unknown}
Potions
 h - a potion of ambrosia {unknown}
 k - a potion of might {@q3}
Comestibles
 e - a ration
 f - 3 chunks of flesh


   Skills:
 * Level 2.8 Fighting
 * Level 2.4 Axes
 + Level 3.3 Armour
 + Level 0.5 Dodging
 + Level 3.3 Shields


You had one spell level left.
You didn't know any spells.
Your spell library was empty.

Dungeon Overview and Level Annotations

Branches:
Dungeon (2/15)

Altars:


Innate Abilities, Weirdness & Mutations

You are resistant to damage.
You can heal yourself by infusing magical energy.
You passively map a small area around you.
You do not regenerate.


Message History

The leopard gecko is almost dead.
You hit the rat.
You kill the rat!
You block the leopard gecko's attack. The leopard gecko closely misses you.
You closely miss the leopard gecko.
The leopard gecko is almost dead.
The leopard gecko bites you but does no damage.
You miss the leopard gecko.
The leopard gecko is almost dead.
The leopard gecko bites you but does no damage.
The leopard gecko bites you.
Your shield and scale mail prevent you from hitting the leopard gecko.
The leopard gecko is almost dead.
You block the leopard gecko's attack. x2
You slash the leopard gecko!
You kill the leopard gecko!
No target in view!
No target in view!
No target in view!
No target in view!
No target in view!
No target in view!
No target in view!
No target in view!
No target in view!
No target in view!
Found a stone staircase leading down.
You see here a leopard gecko corpse.
You butcher the leopard gecko corpse.
f - 2 chunks of flesh You see here a leopard gecko skeleton. x2
You butcher the rat corpse.
f - 3 chunks of flesh (gained 1)
You see here a rat skeleton. x2
g - a scroll labeled DUOQUI ITHRUZODUD
g - 2 scrolls labeled DUOQUI ITHRUZODUD (gained 1)
You see here a rat skeleton.
g - 3 scrolls labeled DUOQUI ITHRUZODUD (gained 1)
There is a stone staircase leading down here.
Found a stone staircase leading down.
h - a bubbling black potion
Press: ? - help, . - travel You can't see that place. [a stone staircase leading down.]
There is a stone staircase leading down here.
There is a stone staircase leading down here.
You climb downwards.
A frilled lizard, a worm and a goblin come into view.
The goblin shouts!
The frilled lizard hisses angrily.
There is a stone staircase leading up here.
There are monsters nearby!
The goblin hits you but does no damage.
You slash the goblin!
You kill the goblin!
You closely miss the frilled lizard. You block the frilled lizard's attack.
The frilled lizard bites you but does no damage.
You slash the frilled lizard!
You kill the frilled lizard!
You block the worm's attack.
Your shield and scale mail prevent you from hitting the worm.
The worm bites you.
You slash the worm!
The worm is heavily wounded.
The worm bites you.
* * * LOW HITPOINT WARNING * * *
You are too injured to fight recklessly!
You are too injured to fight recklessly!
You are too injured to fight recklessly!
You are too injured to fight recklessly!
You are too injured to fight recklessly!
Your magical essence is drained by the effort!
You feel much better.
A jackal comes into view.
The worm bites you.
The jackal barks!
You don't have enough innate magic capacity.
Your shield and scale mail prevent you from hitting the worm.
The worm is moderately wounded.
A jackal comes into view.
The jackal moves out of view.
You barely miss the worm.
The worm is moderately wounded.
The worm bites you.
The jackal barks!
You hit the worm.
The worm is moderately wounded.
You block the worm's attack.
You slash the worm!
You kill the worm!
You closely miss the jackal. The jackal closely misses you.
You block the jackal's attack.
The jackal bites you but does no damage.
You miss the jackal. You hit the jackal.
You kill the jackal!
You have reached level 2!
You barely miss the jackal.
The jackal bites you but does no damage.
You block the jackal's attack.
Are you sure you want to abandon this character and quit the game? (Confirm with "yes".)

, *.#** , .# ,
######.##
#.......#* *
#.......# , , ,
#.......# ## *
##..††h..##...
,
#....@)......#
* *
#.............
, *
#............#*
#.....<.......
,*
#............#
#............#
*
#............#
,
##############
*


You could see a jackal.

Vanquished Creatures
  A worm (D:2)
  A leopard gecko (D:1)
  A jackal (D:2)
  A frilled lizard (D:2)
  A goblin (D:2)
  A rat (D:1)
6 creatures vanquished.

Notes
Turn   | Place    | Note
-------+----------+-------------------------------------------
     0 | D:1      | EnegeticOcto the Deep Dwarf Fighter began the quest for the
                  | Orb.
     0 | D:1      | Reached XP level 1. HP: 20/20 MP: 1/1
   102 | D:2      | Reached XP level 2. HP: 21/27 MP: 1/1
   103 | D:2      | Quit the game

Levels and vault maps discovered:
D:1:      saegor_arrival_simple_e, layout_rooms
D:2:      layout_basic, minitemple, nicolae_gozag_seed_capital

Action                   || total
-------------------------++-------
Melee: War axe           ||    21
 Abil: Heal Wounds       ||     1
Armor: Scale mail        ||     7
Dodge: Dodged            ||     4
Block: Kite shield       ||    11

Table legend:
 A = Non-vault XP
 B = Vault XP
 C = Vault XP percentage of total XP
 D = Non-vault monster count
 E = Vault monster count
 F = Vault count percentage of total count
                 A         B        C        D         E       F
            +---------+---------+-------+---------+---------+-------
      Total |      13 |       0 |   0.0 |       6 |       0 |   0.0
            +---------+---------+-------+---------+---------+-------
        D:1 |       4 |       0 |   0.0 |       2 |       0 |   0.0
        D:2 |       9 |       0 |   0.0 |       4 |       0 |   0.0
            +---------+---------+-------+---------+---------+-------
